 Dungeon Crawl Stone Soup version 0.30-a0-964-gd452b5e7fa (webtiles) character file.

Game seed: 15950840115126868312

30192 Ahpoh the Carver (level 13, -4/82 HPs)
             Began as a Gargoyle Gladiator on Mar 29, 2023.
             Was a High Priest of Wu Jian.
             Slain by a snapping turtle (shapeshifter) (16 damage)
             ... on level 11 of the Dungeon on Mar 30, 2023.
             The game lasted 01:07:40 (16654 turns).

Ahpoh the Carver (Gargoyle Gladiator)              Turns: 16654, Time: 01:07:41

Health: -4/82      AC: 28    Str: 20    XL:     13   Next: 50%
Magic:  13/13      EV: 18    Int:  8    God:    Wu Jian [*****.]
Gold:   1034       SH: 17    Dex: 15    Spells: 12/12 levels left

rFire   . . .      SeeInvis .    Y - +1 long sword (chaos)
rCold   + . .      Faith    .    M - +1 kite shield {AC+3}
rNeg    + . .      Spirit   .    I - +4 ring mail
rPois   ∞          Reflect  +    c - +1 helmet
rElec   +          Rampage  .    l - +0 cloak
rCorr   .                        y - +0 pair of gloves
Will    .....                    (no boots)
Stlth   ++                       m - amulet of reflection
HPRegen 0.33/turn                o - +5 ring of evasion
MPRegen 0.13/turn                u - ring of Givushreb {rC+ Slay+2}

@: serpent's lash
A: sickness immunity, AC +9, negative energy resistance 1, electricity
resistance, torment resistance 1, petrification resistance
a: Renounce Religion, Wall Jump, Serpent's Lash, Heavenly Storm


You were on level 11 of the Dungeon.
You worshipped Wu Jian.
Wu Jian was extremely pleased with you.
You visited 2 branches of the dungeon, and saw 14 of its levels.
You also visited: Ice Cave.

You collected 1034 gold pieces.

Inventory:

Hand Weapons
 d - a +1 scimitar of flaming
 Y - a +1 long sword of chaos (weapon)
Missiles
 Z - a throwing net (quivered)
Armour
 c - a +1 helmet (worn)
 l - a +0 cloak (worn)
 n - a +0 buckler of cold resistance
 y - a +0 pair of gloves (worn)
 I - a +4 ring mail (worn)
 M - a +1 kite shield of protection (worn)
Jewellery
 m - an amulet of reflection (around neck)
 o - a +5 ring of evasion (left hand)
 p - a ring of fire
 s - a ring of poison resistance
 u - the ring of Givushreb (right hand) {rC+ Slay+2}
   (You found it in an ice cave)

   [ring of protection from cold]

   Slay:      It affects your accuracy & damage with ranged weapons and melee
   (+2).
   rC:        It protects you from cold.
 x - a ring of ice
 G - a ring of resist corrosion
 K - a ring of fire
 P - a ring of willpower
 X - an amulet of faith
Wands
 b - a wand of flame (21)
 N - a wand of acid (2)
 Q - a wand of iceblast (11)
 U - a wand of paralysis (3)
Scrolls
 a - 5 scrolls of identify
 e - a scroll of magic mapping
 g - 9 scrolls of teleportation
 h - 2 scrolls of immolation
 i - 2 scrolls of noise
 j - 6 scrolls of poison
 k - 3 scrolls of enchant armour
 t - 2 scrolls of blinking
 z - 3 scrolls of fog
 A - a scroll of amnesia {unknown}
 C - a scroll of silence {unknown}
 H - a scroll of brand weapon {unknown}
 J - a scroll of torment {unknown}
 L - a scroll of vulnerability {unknown}
 T - 5 scrolls of fear
Potions
 q - a potion of resistance
 r - a potion of haste
 w - 2 potions of degeneration {unknown}
 B - a potion of flight {unknown}
 D - a potion of brilliance {unknown}
 E - a potion of lignification
 F - 6 potions of mutation
 O - 2 potions of attraction
 R - 2 potions of cancellation {unknown}
 S - a potion of ambrosia {unknown}
 V - a potion of berserk rage
Miscellaneous
 W - a phantom mirror (inert)


   Skills:
 + Level 9.9 Fighting
 + Level 14.1 Long Blades
 + Level 2.9 Throwing
 + Level 8.2 Armour
 + Level 7.7 Dodging
 + Level 4.0 Stealth
 + Level 8.9 Shields
 + Level 0.1 Evocations


You had 12 spell levels left.
You didn't know any spells.
Your spell library contained the following spells:

 Spells                   Type           Power      Damage    Failure   Level
 Apportation              Tloc           0%         N/A       85%         1
 Summon Small Mammal      Summ           0%         N/A       85%         1
 Poisonous Vapours        Pois/Air       0%         N/A       94%         2
 Call Canine Familiar     Summ           0%         N/A       99%         3
 Dazzling Flash           Conj/Hex       0%         N/A       99%         3
 Mephitic Cloud           Conj/Pois/Air  0%         N/A       99%         3
 Summon Guardian Golem    Hex/Summ       0%         N/A       99%         3
 Animate Armour           Summ/Erth      0%         N/A       100%        4
 Fulminant Prism          Conj/Hex       0%         3d5       100%        4
 Agony                    Necr           0%         N/A       100%        5
 Alistair's Intoxication  Tmut/Pois      0%         N/A       100%        5
 Blade Hands              Tmut           0%         N/A       100%        5
 Freezing Cloud           Conj/Ice/Air   0%         6-21      100%        5
 Silence                  Hex/Air        0%         N/A       100%        5
 Iron Shot                Conj/Erth      0%         9d1       100%        6
 Shatter                  Erth           0%         3d5*      100%        9
 Cigotuvi's Dreadful Rot  Necr/Pois/Air  Unusable   N/A       N/A         2

Dungeon Overview and Level Annotations

Branches:
Dungeon (13/15)            Temple (1/1) D:4            Lair (0/5) D:10
    Orc (0/2) D:12          IceCv (visited)
 Vaults: D:13-14

Altars:
Ashenzari
Cheibriados
Dithmenos
Fedhas
Gozag
Hepliaklqana
Kikubaaqudgha
Makhleb
Okawaru
Qazlal
Ru
Sif Muna
Trog
Uskayaw
Vehumet
Wu Jian
Xom
Zin
The Shining One

Shops:
D:12 (


Innate Abilities, Weirdness & Mutations

You are immune to sickness and miasma.
Your stone body is resilient. (AC +9)
You are immune to poison.
You resist negative energy. (rN+)
You are resistant to electric shocks. (rElec)
You are resistant to unholy torment.
You are immune to petrification.


Message History

The snapping turtle is lightly wounded.
You hit the snapping turtle but do no damage.
Lightning courses through the snapping turtle!
The snapping turtle is heavily wounded.
You block the snapping turtle's attack.
You hit the snapping turtle but do no damage.
The snapping turtle is heavily wounded.
You block the snapping turtle's attack.
You hit the snapping turtle. You drain the snapping turtle.
The snapping turtle is heavily wounded.
You block the snapping turtle's attack.
You barely miss the snapping turtle.
The snapping turtle is heavily wounded.
The snapping turtle barely misses you.
You hit the snapping turtle.
The snapping turtle seems to grow stronger.
The snapping turtle is heavily wounded.
You hit the snapping turtle but do no damage.
The snapping turtle is heavily wounded.
The snapping turtle bites you!!
* * * LOW HITPOINT WARNING * * *
You barely miss the snapping turtle.
The snapping turtle is heavily wounded.
The snapping turtle misses you.
You barely miss the snapping turtle.
The snapping turtle is heavily wounded.
You block the snapping turtle's attack.
You hit the snapping turtle. You burn the snapping turtle.
The snapping turtle is severely wounded.
The snapping turtle closely misses you.
You hit the snapping turtle but do no damage.
The snapping turtle is severely wounded.
The snapping turtle bites you but does no damage.
You hit the snapping turtle.
The snapping turtle is poisoned.
The snapping turtle is severely wounded.
You hit the snapping turtle but do no damage.
The snapping turtle seems to speed up.
The snapping turtle is severely wounded.
You block the snapping turtle's attack. The snapping turtle bites you!
You die...

.......#########
...............#
.......#######.##
.......######...##
.............###.#
........####.###.##
......#.# #.##...#
#######.# ##.....# # #.#
#.##@####### # #.#
#.#$t.#....#
#######.#####.#.?.####.#
.....##.......#.|.#
#.########
####.########.#####
#........# # #[# #..#
########.# # #.# #..#
#.# # ##.########..# #.#
# #............# ### #.#


You could see a snapping turtle (fast, strong, very poisoned, drained).

Vanquished Creatures
  2 azure jellies (IceCv)
  4 quicksilver oozes (IceCv)
  The ghost of oldriver the Thaumaturge, a journeyman DrIE of Vehumet (D:11)
  A centaur warrior (D:12)
  Erica (D:9)
  A dancing weapon (D:8)
  A tengu warrior (D:11)
  3 death yaks
  A boulder beetle (D:10)
  The ghost of Palms the Chucker, a novice TrBr of Fedhas (D:8)
  The ghost of superbruh the Cleaver, a novice MiFi of Jiyva (D:7)
  A deep troll (shapeshifter) (D:11)
  Pikel (D:9)
  3 manticores (D:12)
  2 ugly things (D:12)
  A faun (shapeshifter) (D:12)
  A cyclops (D:12)
  2 ice statues (IceCv)
  Maggie (D:7)
  A gargoyle (D:12)
  A yaktaur (D:12)
  2 unseen horrors (D:12)
  2 kobold demonologists
  2 trolls (D:12)
  2 polar bears (D:12)
  2 shadows (D:12)
  10 slime creatures
  A wyvern (D:8)
  4 wraiths
  5 yaks (D:9)
  A vampire (D:9)
  2 steam dragons
  3 wargs (D:8)
  3 vampire mosquitoes (D:12)
  2 water moccasins
  3 acid dragons
  5 orc warriors
  An ice beast (D:8)
  A black bear (D:4)
  2 great orb of eyes simulacra (IceCv)
  13 ogres
  2 centaurs
  3 phantoms
  4 lemures (D:9)
  A slime creature simulacrum (IceCv)
  5 bullfrogs
  A kobold brigand (D:8)
  4 gnoll sergeants
  6 scorpions
  3 glowing shapeshifter simulacra (IceCv)
  19 killer bees
  10 howler monkeys
  5 jellies
  5 hounds
  A gnoll bouda (D:8)
  11 orc priests
  Jessica (D:3)
  A hell rat (D:10)
  4 iguanas
  15 orc wizards
  5 shapeshifter simulacra (IceCv)
  9 adders
  23 gnolls
  A river rat (D:10)
  A shadow imp (D:8)
  3 white imps
  2 ufetubi
  2 worms
  39 orcs
  3 ball pythons
  8 endoplasms
  A giant cockroach (D:2)
  6 goblins
  4 hobgoblins
  10 kobolds
  A quokka (D:3)
  2 bats (D:3)
  6 frilled lizards
  4 rats
  A butterfly (D:4)
329 creatures vanquished.

Vanquished Creatures (collateral kills)
  A two-headed ogre (D:12)
1 creature vanquished.

Vanquished Creatures (others)
  A fungus (D:8)
  5 plants (D:8)
6 creatures vanquished.

Grand Total: 336 creatures vanquished

Notes
Turn   | Place    | Note
-------+----------+-------------------------------------------
     0 | D:1      | Ahpoh the Gargoyle Gladiator began the quest for the Orb.
     0 | D:1      | Reached XP level 1. HP: 12/12 MP: 1/1
   190 | D:1      | Reached skill level 3 in Long Blades
   215 | D:1      | Reached XP level 2. HP: 17/17 MP: 2/2
   777 | D:2      | Reached XP level 3. HP: 20/22 MP: 3/3
   891 | D:2      | Reached skill level 1 in Armour
  1089 | D:2      | Reached XP level 4. HP: 21/27 MP: 4/4
  1448 | D:3      | Got Azxe's Encyclopedia of Ashen Power
  1466 | D:3      | Noticed Jessica
  1542 | D:3      | Reached XP level 5. HP: 31/31 MP: 5/5
  1591 | D:3      | Killed Jessica
  2033 | D:4      | Reached skill level 4 in Long Blades
  2183 | D:4      | Found a staircase to the Ecumenical Temple.
  2204 | Temple   | Entered the Ecumenical Temple
  2284 | Temple   | Became a worshipper of the Wu Jian Council
  2386 | D:4      | Reached XP level 6. HP: 35/36 MP: 6/6
  2471 | D:4      | Reached skill level 5 in Long Blades
  2807 | D:4      | Reached XP level 7. HP: 31/41 MP: 7/7
  2955 | D:5      | Entered Level 5 of the Dungeon
  2977 | D:5      | Reached skill level 1 in Shields
  3121 | D:5      | Found a blossoming altar of Fedhas.
  3129 | D:5      | Found a broken altar of Ashenzari.
  3165 | D:4      | Reached skill level 6 in Long Blades
  3282 | D:5      | Found an opulent altar of Gozag.
  3339 | D:5      | Reached XP level 8. HP: 22/46 MP: 8/8
  4139 | D:6      | Reached skill level 7 in Long Blades
  4201 | D:6      | Reached skill level 1 in Stealth
  4319 | D:6      | Reached * piety under Wu Jian
  4430 | D:6      | Reached XP level 9. HP: 21/52 MP: 9/9
  4650 | D:6      | Found a shadowy altar of Dithmenos.
  4968 | D:7      | Noticed Maggie
  5001 | D:7      | Killed Maggie
  5002 | D:7      | Reached skill level 8 in Long Blades
  5218 | D:7      | Reached skill level 5 in Fighting
  5614 | D:7      | Reached skill level 5 in Armour
  5666 | D:7      | Found a runed translucent door.
  5667 | D:7      | Noticed superbruh's ghost (novice MiFi)
  6588 | D:8      | Reached skill level 9 in Long Blades
  6620 | D:8      | Found a runed translucent door.
  6620 | D:8      | Found a shimmering altar of Xom.
  6620 | D:8      | Noticed Palms's ghost (novice TrBr)
  6620 | D:8      | Noticed a +1 long sword of chaos
  6641 | D:8      | Reached ** piety under Wu Jian
  6723 | D:6      | Reached XP level 10. HP: 60/60 MP: 10/10
  7608 | D:8      | Reached skill level 10 in Long Blades
  7781 | D:8      | Upgraded the game from 0.30-a0-956-gcec3b41aec to
                  | 0.30-a0-964-gd452b5e7fa
  8159 | D:8      | Reached skill level 5 in Dodging
  8165 | D:8      | Reached *** piety under Wu Jian
  9182 | D:9      | Noticed Pikel
  9199 | D:9      | Killed Pikel
  9200 | D:9      | Reached XP level 11. HP: 30/67 MP: 11/11
  9436 | D:9      | Reached skill level 11 in Long Blades
  9727 | D:9      | Noticed Erica
  9766 | D:9      | Killed Erica
 10362 | D:10     | Entered Level 10 of the Dungeon
 10416 | D:10     | Noticed a boulder beetle
 10489 | D:10     | Killed a boulder beetle
 10653 | D:9      | Reached **** piety under Wu Jian
 11014 | D:10     | Noticed a death yak
 11085 | D:10     | Killed a death yak
 11086 | D:10     | Reached skill level 5 in Shields
 11126 | D:10     | Noticed a death yak
 11129 | D:10     | Noticed a death yak
 11181 | D:9      | Killed a death yak
 11308 | D:9      | Killed a death yak
 11395 | D:10     | Found a staircase to the Lair.
 11577 | D:11     | Reached skill level 12 in Long Blades
 12057 | D:11     | Found a runed translucent door.
 12057 | D:11     | Noticed oldriver's ghost (journeyman DrIE)
 12259 | D:12     | Noticed a manticore
 12325 | D:12     | Found Huezos's Weapon Shop.
 12329 | D:12     | Found a frozen archway.
 12344 | IceCv    | Entered an ice cave
 12366 | IceCv    | Noticed a quicksilver ooze
 12387 | IceCv    | Killed a quicksilver ooze
 12691 | IceCv    | Reached XP level 12. HP: 74/74 MP: 12/12
 12825 | IceCv    | Noticed a quicksilver ooze
 12839 | IceCv    | Killed a quicksilver ooze
 13347 | IceCv    | Noticed a quicksilver ooze
 13356 | IceCv    | Killed a quicksilver ooze
 13403 | IceCv    | Noticed a quicksilver ooze
 13411 | IceCv    | Killed a quicksilver ooze
 13522 | IceCv    | Found a viscous altar of Jiyva.
 13522 | IceCv    | Noticed an azure jelly
 13542 | IceCv    | Killed an azure jelly
 13543 | IceCv    | Reached skill level 13 in Long Blades
 13606 | IceCv    | Noticed an azure jelly
 13625 | IceCv    | Killed an azure jelly
 13811 | IceCv    | Got the ring of Givushreb {rC+ Slay+2}
 13972 | D:12     | Found a staircase to the Orcish Mines.
 14158 | D:12     | Noticed a tengu warrior
 14301 | D:11     | Killed a tengu warrior
 14884 | D:12     | Reached XP level 13. HP: 80/80 MP: 13/13
 14949 | D:12     | Found a faded altar of an unknown god.
 15143 | D:12     | Found a bloodstained altar of Trog.
 15705 | D:12     | Found a snail-covered altar of Cheibriados.
 16206 | D:7      | Killed superbruh's ghost
 16207 | D:7      | Reached skill level 14 in Long Blades
 16300 | D:8      | Killed Palms's ghost
 16300 | D:8      | Reached ***** piety under Wu Jian
 16633 | D:11     | Killed oldriver's ghost
 16637 | D:11     | HP: 2/123 [snapping turtle (shapeshifter) (17)]
 16654 | D:11     | Slain by a snapping turtle (shapeshifter)

Illustrated notes

Levels and vault maps discovered:
D:1:      dpeg_arrival_round_c, layout_basic, minmay_misc_feat_hallway
D:2:      layout_basic
D:3:      minmay_general_purpose_star, layout_rooms, uniq_jessica
D:4:      layout_basic, minmay_temple_entry_butterflies,
          hangedman_abyss_or_decor_passed, kennysheep_generic_room_11
D:5:      layout_cave_pools, gammafunk_temple_overflow_forgotten,
          serial_column_ruins, column_ruins_grid_5, column_ruins_hut_ruined,
          column_ruins_columns_straight, column_ruins_columns_straight,
          column_ruins_columns_straight, column_ruins_open_large,
          column_ruins_grid_3, column_ruins_open_tiny,
          column_ruins_columns_dead_end, hangedman_decor_opposing,
          grunt_decor_one_mirror
D:6:      layout_basic, nicolae_dithmenos_the_darkroom, minmay_misc_feat_five,
          corexii_corridor_pit
D:7:      layout_basic, ebering_ghost_reflecting_pool,
          nicolae_elevator_lobby_asterisk, uniq_maggie
D:8:      lemuel_castle_with_subvaults [lemuel_castle_interior_carwin_1],
          layout_gridville, ebering_ghost_xom
D:9:      layout_stronghold, uniq_erica, uniq_pikel
D:10:     layout_big_octagon, dpeg_lair_monsters
D:11:     layout_loops_ring, ebering_ghost_inner_flame
D:12:     hangedman_cross_cluster, layout_irregular_city, serial_column_ruins,
          column_ruins_square_large, column_ruins_temple_circle,
          column_ruins_open_tiny, column_ruins_open_small,
          column_ruins_open_small_water, portal_ice_cave_entry_pillars_1,
          serial_shops, nicolae_shop_statue_plus, trog_ov_bears_minmay
D:13:     layout_small_grid, gammafunk_ghost_ooze
Temple:   eino_narrow_crystal_temple

Skill      XL: |  1  2  3  4  5  6  7  8  9 10 11 12 13 |
---------------+----------------------------------------+-----
Long Blades    | 3 4 5 6 7 9 10 12 13 14 | 14.1
Armour         | 1 2 3 4 5 6 7 8 |  8.2
Dodging        | 3 4 5 6 7 |  7.7
Throwing       | 2 |  2.9
Fighting       | 3 4 5 7 8 9 |  9.9
Shields        | 1 2 3 4 5 7 8 |  8.9
Stealth        | 2 3 4 |  4.0
Evocations     | |  0.1

Action                     |  1- 3 |  4- 6 |  7- 9 | 10-12 | 13-15 || total
---------------------------+-------+-------+-------+-------+-------++-------
  Melee: Long sword        |   100 |   147 |   512 |   662 |    68 ||  1489
         Punch             |       |     3 |     9 |     3 |       ||    15
         Scimitar          |       |       |       |   504 |   144 ||   648
  Throw: Throwing net      |       |     1 |     5 |     2 |       ||     8
         Javelin           |       |       |       |     5 |       ||     5
 Invoke: Serpent's Lash    |       |       |       |     4 |     1 ||     5
Ability: Lunge             |       |     2 |    19 |    53 |     2 ||    76
         Whirlwind         |       |       |    17 |    60 |     1 ||    78
  Evoke: Phantom mirror    |       |       |       |       |     1 ||     1
    Use: Scroll            |       |     4 |     3 |    10 |       ||    17
         Potion            |       |       |       |     9 |     6 ||    15
   Stab: Held in net/web   |       |     1 |     5 |     3 |       ||     9
         Distracted        |       |       |       |     2 |       ||     2
 Armour: Leather armour    |    44 |       |       |       |       ||    44
         Ring mail         |     1 |    22 |   134 |   344 |    90 ||   591
         Scale mail        |       |    17 |    46 |       |       ||    63
         Skin              |       |       |       |    14 |    12 ||    26
  Dodge: Dodged            |    64 |   102 |   407 |   698 |    94 ||  1365
  Block: Other             |     2 |    37 |   112 |    82 |       ||   233
         Reflection        |       |       |     1 |    12 |     7 ||    20
         Buckler           |       |       |       |   290 |       ||   290
         Kite shield       |       |       |       |    33 |   153 ||   186

Table legend: (Time is in decaauts)
 A = Elapsed time spent in this place.
 B = Non-inter-level travel time spent in this place.
 C = Inter-level travel time spent in this place.
 D = Time resting spent in this place.
 E = Time spent auto-exploring this place.
 F = Levels seen in this place.
 G = Mean time per level.
                   A        B        C        D        E       F      G
               +--------+--------+--------+--------+--------+-----+--------+
         Total |  16570 |  16103 |    467 |   2604 |   7283 |  15 | 1104.7 |
       Dungeon |  14917 |  14453 |    464 |   1923 |   6905 |  13 | 1147.5 |
        Temple |     99 |     96 |      3 |      0 |     63 |   1 |   99.0 |
      Ice Cave |   1552 |   1552 |      0 |    681 |    315 |   1 | 1552.0 |
               +--------+--------+--------+--------+--------+-----+--------+

Top non-repeatable levels by time:
     D:8: 2390 daAuts
     D:9: 1968 daAuts
    D:12: 1613 daAuts
     D:7: 1598 daAuts
   IceCv: 1552 daAuts
    D:11: 1339 daAuts
     D:4: 1244 daAuts
    D:10: 1045 daAuts
     D:6: 948 daAuts
     D:1: 759 daAuts
     D:5: 725 daAuts
     D:2: 676 daAuts
     D:3: 604 daAuts
  Temple: 99 daAuts
    D:13: 1 daAuts
